 Dungeon Crawl Stone Soup version 0.31-a0-662-g684573625c (webtiles) character file.

Game seed: 3033043232289831524

4 ytrimaz the Changeling (level 1, 0/19 HPs)
             Began as an Octopode Shapeshifter on Aug 31, 2023.
             Slain by a jackal (2 damage)
             ... on level 1 of the Dungeon.
             The game lasted 00:00:20 (63 turns).

ytrimaz the Changeling (Octopode Shapeshifter)        Turns: 63, Time: 00:00:21

Health: 0/19       AC: 20    Str: 13    XL:     1   Next: 70%
Magic:  1/1        EV:  2    Int: 12    God:
Gold:   0          SH:  0    Dex: 11    Spells: 0/0 levels left

rFire   . .          .
                       - Unarmed
rCold   . . .        (no shield)
rNeg    . . .        (helmet currently unavailable)
rPois   +            (no amulet)
rElec   .            (no ring)
rCorr   .            (no ring)
SInv    .            (no ring)
Will    .....        (no ring)
Stlth   +            (no ring)
HPRegen 0.23/turn    (no ring)
MPRegen 0.07/turn    (no ring)
                     (no ring)

%: no passive effects
@: tree-form
A: stationary, stasis, torment immunity, boosted hp, almost no armour,
(amphibious), 8 rings, (camouflage 1), (gelatinous body 1), (nimble swimmer 1),
(tentacles)
a: no special abilities


You were on level 1 of the Dungeon.
You were a tree.
You visited 1 branch of the dungeon, and saw 1 of its levels.


Innate Abilities, Weirdness & Mutations

You are a tree.
Your roots penetrate the ground, keeping you stationary.
You cannot be teleported.
You are immune to unholy pain and torment.
Your maximum health is greatly increased.
You cannot wear most types of armour.
((You are amphibious.))
You can wear up to eight rings at the same time.
((Your skin changes colour to match your surroundings (Stealth+).))
((Your rubbery body absorbs attacks. (AC +1, EV +1)))
((You are camouflaged when in or above water. (Stealth+)))
((You have tentacles for arms and can constrict up to eight enemies at once.))


   Skills:
 - Level 1.0 Fighting
 - Level 2.0 Dodging
 + Level 3.1 Unarmed Combat
 * Level 3.2 Shapeshifting


You couldn't memorise any spells.
You didn't know any spells.
Your spell library was empty.

Inventory:

Talismans
 b - a beast talisman
 c - a flux talisman

Dungeon Overview and Level Annotations

Branches:
Dungeon (1/15) Zot: 5936

Altars:

..#............ ..# ....
.............#. #.##....
............#..##.......
........................
#.......................
+.......................
#.....hJ................
#.r...h♣.###............
..####.....#............
#.................#
###...............#
#..........##....
#................
##.........##....
#.#.............
#.#.........>...


You could see an endoplasm, 2 jackals and a rat (wandering).


Message History

🤖 Initializing magus.rc ...
Options error: Delay interrupt name "hungry" not recognised. (~/.crawlrc:4375) Bad monster_list_colour key: strict_neutral Options error: Unknown color in colour mapping: 'purle:scroll.*immolation' Bad channel name 'pray' for runrest: 'pray:' Options error: Missing colour in message_colour setting: 'that.*feels deathly cold' Options error: Missing colour in message_colour setting: 'and you must be Full or above to equip it' Options error: Missing colour in message_colour setting: 'but rights himself reflexively soon after' Options error: Missing colour in message_colour setting: 'before it is too late' ✅ Successfully initialized magus.rc [v1.9.6] Welcome, ytrimaz the Octopode Shapeshifter.
Will you prevail where others failed? Will you find the Orb of Zot?
Press ? for a list of commands and other information.
Found a staircase leading out of the dungeon.
You enter the shallow water.
You enter the shallow water.
You open the door.
There is an open door here.
Key pressed, stopping explore.
Found a stone staircase leading down.
An endoplasm comes into view.
An endoplasm is nearby!
An endoplasm is nearby!
An endoplasm is nearby!
An endoplasm is nearby!
An endoplasm is nearby!
A rat comes into view.
The helpless endoplasm fails to defend itself.
You tentacle-slap the endoplasm.
You kill the endoplasm!
Unknown command.
The rat bites you. 😕 HP[-3]
You take 3 damage, and now have 10/13 hp.
MASSIVE DAMAGE!! (PAUSE)
You barely miss the rat. You grab the rat.
Your tentacle-slap misses the rat.
You constrict the rat. The rat closely misses you.
You tentacle-slap the rat.
You kill the rat! 😕 HP[+1]
A jackal comes into view.
A jackal comes into view.
Unknown command.
A jackal comes into view.
The jackal barks! x2; You hear a shout! 😕 HP[+1]
A jackal and an endoplasm come into view.
The jackal barks!
You tentacle-slap the jackal. You grab the jackal.
You constrict the jackal, but do no damage.
The jackal barely misses you. The jackal bites you. 😕 HP[-2]
You take 2 damage, and now have 10/13 hp.
You tentacle-slap the jackal.
You kill the jackal!
You tentacle-slap the jackal.
You kill the jackal!
The jackal bites you. 😮 HP[-1]
You take 1 damage, and now have 9/13 hp.
You are too injured to fight recklessly!
Unknown command.
You are too injured to fight recklessly!
You tentacle-slap the jackal but do no damage.
Your grab misses the jackal. You squeeze the jackal.
The jackal barely misses you. The jackal bites you.
The jackal closely misses you. The jackal barely misses you. 😮 HP[-1]
You take 1 damage, and now have 8/13 hp.
You are too injured to fight recklessly!
You tentacle-slap the jackal. Your grab misses the jackal.
The jackal bites you.
* * * LOW HITPOINT WARNING * * *
The jackal bites you.
* * * LOW HITPOINT WARNING * * *
😨 HP[-3]
You take 3 damage, and now have 5/13 hp.
MASSIVE DAMAGE!! (PAUSE)
Your transformation has ended.
You turn into a tree.
Your roots penetrate the ground.
The jackal bites you but does no damage. x2
The endoplasm freezes you.
You are frozen.
* * * LOW HITPOINT WARNING * * *
😱 HP[-2]
You now have 19 max hp (+6).
Unknown command.
You hit the jackal. Your punch misses the jackal.
The jackal bites you but does no damage. x2
A rat comes into view.
The endoplasm hits you.
* * * LOW HITPOINT WARNING * * *
The jackal bites you but does no damage. x2 😱 HP[-1]
You take 1 damage, and now have 2/19 hp.
You completely miss the jackal.
The jackal bites you but does no damage.
The endoplasm hits you but does no damage.
The jackal bites you.
You die...

Action                     || total
---------------------------++-------
  Melee: Unarmed           ||    10
         Constrict         ||     2
         Tentacles         ||     1
    Use: Potion            ||     1
   Stab: Sleeping          ||     1
 Armour: Skin              ||    16
  Dodge: Dodged            ||     5

Levels and vault maps discovered:
D:1:      lightli_arrival_flooded_house, layout_basic,
          shapermc_ecumenical_altar_mp_urbaneastern, serial_shops,
          nicolae_shop_statue_plus, hangedman_abyss_or_decor_lesser_grid

Notes
Turn   | Place    | Note
-------+----------+-------------------------------------------
     0 | D:1      | ytrimaz the Octopode Shapeshifter began the quest for the
                  | Orb.
     0 | D:1      | Reached XP level 1. HP: 13/13 MP: 1/1
     0 | D:1      | magus.rc [v1.9.6]
    61 | D:1      | HP: 3/19 [frozen (5)]
    63 | D:1      | Slain by a jackal

Vanquished Creatures
  An endoplasm (D:1)
  2 jackals (D:1)
  A rat (D:1)
4 creatures vanquished.

Table legend:
 A = Non-vault XP
 B = Vault XP
 C = Vault XP percentage of total XP
 D = Non-vault monster count
 E = Vault monster count
 F = Vault count percentage of total count
                 A         B        C        D         E       F
            +---------+---------+-------+---------+---------+-------
      Total |       7 |       0 |   0.0 |       4 |       0 |   0.0
            +---------+---------+-------+---------+---------+-------
        D:1 |       7 |       0 |   0.0 |       4 |       0 |   0.0
            +---------+---------+-------+---------+---------+-------

Action                     || total
---------------------------++-------
  Melee: Unarmed           ||    10
         Constrict         ||     2
         Tentacles         ||     1
    Use: Potion            ||     1
   Stab: Sleeping          ||     1
 Armour: Skin              ||    16
  Dodge: Dodged            ||     5

Illustrated notes

Table legend:
 A = Kills in this place as a percentage of kills in the entire game.
 B = Kills by you in this place as a percentage of kills by you in the entire game.
 C = Kills by friends in this place as a percentage of kills by friends in the entire game.
 D = Other kills in this place as a percentage of other kills in the entire game.
 E = Experience gained in this place as a percentage of experience gained in the entire game.
 F = Experience gained in this place divided by the number of levels of this place that you have seen.
                   A       B       C       D       E      F
               +-------+-------+-------+-------+-------+----------------------
         Total | 100.0 | 100.0 |   N/A |   N/A | 100.0 |   7.0
       Dungeon | 100.0 | 100.0 |   N/A |   N/A | 100.0 |   7.0
               +-------+-------+-------+-------+-------+----------------------

Table legend: (Time is in decaauts)
 A = Elapsed time spent in this place.
 B = Non-inter-level travel time spent in this place.
 C = Inter-level travel time spent in this place.
 D = Time resting spent in this place.
 E = Time spent auto-exploring this place.
 F = Levels seen in this place.
 G = Mean time per level.
                   A        B        C        D        E       F      G
               +--------+--------+--------+--------+--------+-----+--------+
         Total |     62 |     62 |      0 |      0 |     36 |   1 |   62.0 |
       Dungeon |     62 |     62 |      0 |      0 |     36 |   1 |   62.0 |
               +--------+--------+--------+--------+--------+-----+--------+

Top non-repeatable levels by time:
     D:1: 62 daAuts
